Map: Abiogenesis LE

Players

ILIEKEGGPIE

  • Race: Protoss Protoss
  • League: Platinum
  • Spawn Location: 5:00

ray - Winner!

  • Race: Zerg Zerg
  • Spawn Location: 11:00

VOD

Have the link to the VOD?

Description

Time

  • Played on: April 18, 2018, 8:35 p.m.
  • Length: 8:34
Show
View Real Time Build Order
Export as new Build Order

ILIEKEGGPIE Protoss 

Build Orders:  

Get SALT Encoding   

  12  0:01  Probe  
  13  0:14  Probe  
  14  0:25  Probe, Pylon  
  15  0:40  Probe  
  16  0:52  Probe  
  17  1:00  Gateway  
  17  1:05  Probe  
  18  1:17  Forge  
  18  1:19  Probe  
  19  1:26  Assimilator  
  19  1:31  Probe  
  20  1:43  Probe  
  20  1:45  Nexus  
  21  1:58  Photon Cannon  
  21  2:03  Pylon  
  21  2:12  Cybernetics Core  
  21  2:17  Probe  
  22  2:29  Probe  
  22  2:33  Assimilator  
  22  2:44  Adept  
  22  2:49  Pylon  
  22  2:51  Warp Gate  
  22  2:54  Probe  
  25  3:02  Probe  
  25  3:08  Probe  
  25  3:12  Probe  
  28  3:20  Probe  
  28  3:24  Probe  
  30  3:30  Robotics Facility  
  30  3:31  Probe  
  30  3:34  Gateway x2  
  31  3:38  Probe  
  31  3:39  Probe  
  32  3:46  Probe  
  32  3:47  Probe  
  33  3:54  Stalker, Probe  
  37  3:58  Probe  
  39  4:18  Observer  
  40  4:24  Stalker  
  40  4:25  Stalker x2  
  31  5:38  Protoss Ground Weapons Level 1  
  31  5:41  Stalker  
  27  5:53  Zealot x2  
  22  6:20  Nexus  
  22  6:23  Pylon  
  22  6:54  Shield Battery  
  22  7:03  Pylon  
  22  7:13  Sentry  
  22  7:14  Sentry  
  22  7:28  Warp Prism  
  22  7:32  Stalker x2  
  22  7:35  Gateway  
  26  7:40  Probe  
  29  7:52  Probe  
  29  7:55  Stalker  
  29  7:56  Stalker  
  34  8:04  Probe  
  35  8:13  Probe x2  
  37  8:21  Probe x2  
Show
View Real Time Build Order
Export as new Build Order

ray Zerg - Winner!

Build Orders: Pool First 

Get SALT Encoding   

  12  0:09  Overlord  
  12  0:14  Drone  
  13  0:18  Drone  
  14  0:38  Spawning Pool  
  14  0:39  Drone  
  14  0:43  Drone  
  14  0:46  Drone  
  16  1:02  Overlord  
  17  1:11  Drone  
  17  1:25  Queen  
  17  1:29  Drone  
  17  1:32  Drone, Extractor  
  20  1:38  Drone  
  21  1:49  Drone, Extractor  
  21  2:09  Drone x2  
  21  2:10  Hatchery  
  22  2:20  Hatchery  
  21  2:24  Zergling x2  
  22  2:36  Zergling x2  
  22  2:41  Zergling x2  
  23  2:50  Metabolic Boost  
  23  2:52  Zergling x2  
  24  3:11  Zergling x2  
  25  3:14  Zergling x2  
  26  3:25  Zergling x2  
  27  3:29  Lair  
  27  3:33  Zergling x2  
  27  3:34  Zergling x2  
  29  3:40  Drone x2  
  31  3:44  Zergling x2  
  32  3:50  Zergling x2  
  32  3:54  Zergling x2  
  34  3:57  Zergling x2  
  35  4:04  Drone x2  
  35  4:05  Drone  
  35  4:07  Zergling x4  
  40  4:21  Drone  
  40  4:22  Drone  
  42  4:25  Overlord  
  42  4:27  Overlord x2  
  39  4:42  Zergling x6  
  41  4:45  Drone  
  41  4:47  Drone  
  40  5:11  Zergling x8  
  40  5:12  Zergling x2  
  41  5:14  Drone  
  41  5:15  Drone x5  
  41  5:20  Extractor  
  45  5:28  Zergling x4  
  46  5:33  Drone  
  45  5:45  Spire  
  45  5:46  Drone x2  
  45  5:47  Drone x2  
  47  5:52  Roach Warren  
  44  6:02  Zergling x4  
  46  6:07  Drone x2  
  46  6:08  Drone  
  46  6:10  Extractor  
  41  6:33  Zergling x4  
  41  6:34  Zergling x8  
  41  6:39  Drone x2  
  49  6:43  Drone  
  49  6:44  Drone x3  
  51  6:54  Hatchery  
  50  7:06  Drone  
  51  7:08  Overlord  
  51  7:10  Mutalisk x4  
  51  7:11  Mutalisk x2  
  60  7:28  Hatchery  
  57  7:30  Mutalisk x2  
  60  7:37  Mutalisk x2  
  64  7:46  Drone  
  64  7:47  Overlord  
  64  7:48  Overlord  
  65  8:02  Mutalisk x3  
  65  8:03  Mutalisk  
  79  8:15  Overlord x2  
Tags
 
League
Platinum
Matchup
PvZ
Opening
Pool First
Replay Pack
Multi
Spawn Locations
Cross Positions
Add a new tag
Caveats
  • Supply blocks, unpowered buildings, or Contaminate may cause inaccurate times.
  • Supply counts are checked every 10 seconds.